 Dungeon Crawl Stone Soup version 0.20.0-15-g7f486f2 (webtiles) character file.

854 ArtsTyrian the Digger (level 8, 0/51 HPs)
             Began as an Octopode Earth Elementalist on June 10, 2017.
             Slain by ghwc's ghost (4 damage)
             ... on level 6 of the Dungeon.
             The game lasted 00:34:39 (6568 turns).

ArtsTyrian the Digger (Octopode Earth Elementalist) Turns: 6568, Time: 00:34:39

Health: 0/51       AC:  1    Str:  8    XL:     8   Next: 1%
Magic:  3/14       EV: 12    Int: 19    God:
Gold:   300        SH: 12    Dex: 12    Spells: 5/15 levels left

rFire    . . .     SeeInvis .   E - +0 war axe
rCold    . . .     Gourm    .   j - +0 shield
rNeg     . . .     Faith    .   (helmet restricted)
rPois    .         Spirit   .   m - +5 amulet of reflection
rElec    .         Reflect  +   l - ring of resist corrosion
rCorr    +         Harm     .   (no ring)
MR       .....                  (no ring)
Stlth    ++++......             (no ring)
Regen    0.2/turn               (no ring)
MPRegen  0.2/turn               (no ring)
                                (no ring)
                                (no ring)

@: very slightly contaminated
A: almost no armour, stealthy swim, amphibious, 8 rings, constrict 8, camouflage
1, gelatinous body 1
a: no special abilities


You were on level 6 of the Dungeon.
You were hungry.

You visited 1 branch of the dungeon, and saw 6 of its levels.

You collected 300 gold pieces.

Inventory:

Hand Weapons
 D - a +2 halberd of flaming
 E - a +0 war axe (weapon)
Missiles
 b - 122 stones (quivered)
Armour
 j - a +0 shield (worn)
Jewellery
 l - a ring of resist corrosion (left tentacle)
 m - a +5 amulet of reflection (around mantle)
Wands
 o - a wand of paralysis (4/24)
 F - a wand of polymorph (10/24)
Scrolls
 f - 2 scrolls of recharging {unknown}
 h - 9 scrolls of identify {unknown}
 k - a scroll of noise {unknown}
 p - 2 scrolls of teleportation {unknown}
 s - a scroll of fog {unknown}
 t - a scroll of amnesia {unknown}
 w - a scroll of fear {unknown}
 x - 2 scrolls of magic mapping {unknown}
 y - 4 scrolls of remove curse {unknown}
 C - a scroll of immolation {unknown}
 G - a scroll of enchant weapon {unknown}
Potions
 a - 3 potions of curing {unknown}
 e - a potion of flight {unknown}
 i - 2 potions of cancellation {unknown}
 n - a potion of magic {unknown}
 q - a potion of haste {unknown}
 r - a potion of degeneration {unknown}
 z - a potion of brilliance {unknown}
 A - 2 potions of heal wounds {unknown}
Books
 d - a book of Geomancy

   Spells                             Type                      Level
   a - Sandblast                      Earth                        1
   b - Passwall                       Transmutation/Earth          2
   c - Stone Arrow                    Conjuration/Earth            3
   d - Petrify                        Transmutation/Earth          4
   e - Lee's Rapid Deconstruction     Earth                        5
 v - a Grand Grimoire

   Spells                             Type                      Level
   a - Monstrous Menagerie            Summoning                    7
   b - Summon Greater Demon           Summoning                    7
   c - Malign Gateway                 Summoning/Translocation      7
   d - Summon Horrible Things         Summoning                    8
Comestibles
 c - 3 bread rations
 g - 5 fruits
 u - a meat ration
 B - a royal jelly


   Skills:
 * Level 2.4 Fighting
 + Level 0.8 Axes
 * Level 3.4 Dodging
 * Level 4.7 Stealth
 * Level 2.5 Shields
 + Level 4.0 Spellcasting
 * Level 1.4 Conjurations
 + Level 1.3 Transmutations
 + Level 5.6 Earth Magic


You had 5 spell levels left.
You knew the following spells:

 Your Spells              Type           Power        Failure   Level  Hunger
a - Sandblast             Erth           ####..       7%          1    None
b - Passwall              Tmut/Erth      ###.......   26%         2    ##.....
c - Stone Arrow           Conj/Erth      ###...       43%         3    ###....
d - Petrify               Tmut/Erth      ###.....     86%         4    ####...


Dungeon Overview and Level Annotations

Branches:
Dungeon (6/15)
 Temple: D:4-7

Altars:
Gozag
Makhleb
Sif Muna
Zin

Annotations:
D:6 ghwc's ghost, novice DsFi


Innate Abilities, Weirdness & Mutations

You cannot wear most types of armour.
You are very stealthy in the water. (Stealth+)
You are amphibious.
You can wear up to eight rings at the same time.
You can use your tentacles to constrict eight enemies at once.
Your skin changes colour to match your surroundings (Stealth+).
Your rubbery body absorbs attacks. (AC +1, EV +1)


Message History

Aiming: Sandblast
Press: ? - help, Shift-Dir - straight line, f/p - ghwc's ghost
Aim: ghwc's ghost (severely damaged)
The blast of sand hits ghwc's ghost.
Ghwc's ghost is severely damaged.
b - 122 stones You block ghwc's ghost's attack.
You hit ghwc's ghost. You squeeze ghwc's ghost.
Ghwc's ghost is almost destroyed.
Ghwc's ghost hits you!
* * * LOW HITPOINT WARNING * * *
You hit ghwc's ghost.
Ghwc's ghost is almost destroyed.
Ghwc's ghost hits you.
* * * LOW HITPOINT WARNING * * *
You block ghwc's ghost's attack.
You hit ghwc's ghost but do no damage.
Ghwc's ghost is almost destroyed.
Ghwc's ghost hits you.
You die...

#.#.....# #.# #^#
#.#.##..# #.# #.# #.#.
#.w# #.# #.#
#.#!##W.#####.## ##.##
#............#######...###
#........................
#.#####..#######...###
#.#####..# ##.##
#...W@...# #.#
#...#######...... #.# #...
####### #.# #.## #.# #.
#.# . #


You could see ghwc's ghost.

Vanquished Creatures
  2 ogres
  A bullfrog (D:4)
  A howler monkey (D:5)
  2 hounds (D:4)
  3 orc wizards
  An orc priest (D:4)
  A bullfrog skeleton (D:5)
  6 worker ants
  A hound zombie (D:5)
  4 adders
  2 shadow imps (D:5)
  An ooze (D:3)
  An adder skeleton (D:4)
  3 worms
  2 dart slugs
  A leopard gecko (D:5)
  13 orcs
  7 bats
  8 giant cockroaches
  2 goblins (D:1)
  10 hobgoblins
  7 kobolds
  A quokka (D:2)
  A ball python (D:1)
  9 frilled lizards
  A leopard gecko zombie (D:5)
  8 rats
99 creatures vanquished.

Vanquished Creatures (others)
  A centaur (D:6)
1 creature vanquished.

Grand Total: 100 creatures vanquished

Notes
Turn   | Place    | Note
-------+----------+-------------------------------------------
     0 | D:1      | ArtsTyrian the Octopode Earth Elementalist began the quest for the Orb.
     0 | D:1      | Reached XP level 1. HP: 11/11 MP: 3/3
   257 | D:1      | Reached XP level 2. HP: 17/17 MP: 3/5
   261 | D:1      | Learned a level 2 spell: Passwall
   846 | D:2      | Reached XP level 3. HP: 2/22 MP: 0/6
  1377 | D:2      | Learned a level 3 spell: Stone Arrow
  1766 | D:2      | Found a deep blue altar of Sif Muna.
  2106 | D:3      | Reached XP level 4. HP: 27/27 MP: 5/7
  2277 | D:3      | Found a burning altar of Makhleb.
  2345 | D:3      | Reached skill level 1 in Fighting
  2346 | D:3      | Reached skill level 4 in Earth Magic
  2355 | D:3      | Found a glowing silver altar of Zin.
  2355 | D:3      | Noticed an angel
  2356 | D:3      | Noticed a cacodemon
  2390 | D:3      | Reached XP level 5. HP: 19/33 MP: 4/9
  2536 | D:3      | Reached skill level 1 in Shields
  2985 | D:4      | Noticed an ogre
  3139 | D:4      | Reached XP level 6. HP: 11/38 MP: 3/10
  3664 | D:4      | Found an opulent altar of Gozag.
  4201 | D:4      | Reached skill level 5 in Earth Magic
  4201 | D:4      | Reached XP level 7. HP: 44/44 MP: 6/12
  4455 | D:4      | Learned a level 4 spell: Petrify
  4561 | D:5      | Entered Level 5 of the Dungeon
  6199 | D:6      | Reached skill level 1 in Conjurations
  6471 | D:6      | Noticed ghwc's ghost (novice DsFi)
  6487 | D:6      | Reached XP level 8. HP: 51/51 MP: 6/14
  6568 | D:6      | Slain by ghwc's ghost

Skill      XL: |  1  2  3  4  5  6  7 |
---------------+----------------------+-----
Stealth        | 3 4 |  4.7
Fighting       | 1 2 |  2.4
Earth Magic    | 4 5 |  5.6
Shields        | 1 2 |  2.5
Spellcasting   | 3 4 |  4.0
Dodging        | 3 |  3.4
Conjurations   | 1 |  1.4
Axes           | |  0.8
Transmutations | |  1.3

Action                   |  1- 3 |  4- 6 |  7- 9 || total
-------------------------+-------+-------+-------++-------
Melee: Unarmed           |    25 |       |       ||    25
       Tentacles         |     7 |     6 |     5 ||    18
       Constrict         |    11 |    10 |     2 ||    23
       Hand axe          |       |    48 |     2 ||    50
       War axe           |       |       |    11 ||    11
 Cast: Sandblast         |    50 |    43 |    29 ||   122
       Stone Arrow       |     1 |    11 |    27 ||    39
       Passwall          |       |       |    23 ||    23
 Stab: Sleeping          |       |     1 |       ||     1
  Eat: Chunk             |     3 |     8 |    10 ||    21
       Fruit             |     1 |       |       ||     1
Armor: Skin              |     5 |     3 |     1 ||     9
Dodge: Dodged            |    13 |    23 |     5 ||    41
Block: Shield            |    17 |    25 |     5 ||    47
       Reflection        |       |     2 |     2 ||     4
       Other             |       |     3 |     3 ||     6
